AoeStats
← zdena.omega

Arena

507832732Analyzed
2v2 RM · 12d ago on Sep 19, 2026· 70m 8s· 4 players
Game mode
Random Map
Map size
Medium (4 player)
Population
200
Speed
Normal
Resources
Standard
Victory
Conquest
Starting age
Dark Age
Ending age
Imperial Age
RankedLock teamsTeams togetherTeam positionsShared explorationLock speedFull tech treeHidden civsTurbo modeCheats
Victory
Defeat
🇨🇿 Poles · Czechia
1124
+18
🇨🇿 Britons · Czechia
1113
+18
🇪🇸 Spanish · Spain
1185
-19
🇹🇷 Turks · Türkiye
1140
-17
Lavibeko
12:06 Feudal Age
16:51 Castle Age
15:15 Double-Bit Axe
15:21 Gold Mining
21:58 Imperial Age
20:44 Bow Saw
23:19 Horse Collar
24:21 Loom
25:50 Wheelbarrow
25:35 Padded Archer Armor
27:16 Scale Barding Armor
30:29 Bloodlines
30:15 Heavy Camel Rider
31:22 Husbandry
32:43 Hand Cart
32:15 Loom
35:22 Forging
35:33 Chain Barding Armor
35:15 Fletching
36:37 Gold Shaft Mining
37:01 Elite Janissary
38:15 Town Watch
39:55 Conscription
40:47 Bombard Tower
41:24 Plate Barding Armor
42:09 Iron Casting
44:24 Blast Furnace
46:39 Loom
50:23 Bodkin Arrow
63:06 Heavy Plow
68:21 Thumb Ring
sergio_S10
4:04 Loom
11:18 Feudal Age
16:30 Castle Age
15:09 Double-Bit Axe
15:07 Horse Collar
15:32 Stone Mining
19:54 Bow Saw
21:10 Wheelbarrow
21:48 Heavy Plow
24:10 Husbandry
27:48 Hand Cart
32:43 Imperial Age
30:41 Ballistics
29:54 Elite Skirmisher
32:07 Fletching
32:18 Padded Archer Armor
32:15 Gold Mining
35:18 Two-Man Saw
34:45 Bodkin Arrow
35:27 Bracer
36:07 Pikeman
36:48 Squires
37:10 Leather Archer Armor
37:05 Forging
37:45 Scale Mail Armor
38:19 Conscription
38:45 Conscription
39:58 Chemistry
39:39 Iron Casting
39:35 Ring Archer Armor
41:38 Blast Furnace
40:54 Chain Mail Armor
40:47 Halberdier
40:54 Halberdier
51:07 Stone Shaft Mining
52:56 Light Cavalry
53:46 Bloodlines
53:46 Scale Barding Armor
54:11 Plate Mail Armor
65:04 Chain Barding Armor
69:35 Capped Ram
zdena.omega
3:49 Loom
6:03 Loom
11:02 Feudal Age
12:34 Double-Bit Axe
15:43 Castle Age
15:07 Gold Mining
15:11 Stone Mining
19:07 Bow Saw
20:49 Crossbowman
23:50 Horse Collar
24:51 Padded Archer Armor
25:31 Fletching
26:23 Elite Skirmisher
26:55 Town Watch
31:07 Leather Archer Armor
31:45 Bodkin Arrow
32:32 Ballistics
36:09 Imperial Age
34:35 Masonry
34:39 Heavy Plow
36:30 Wheelbarrow
36:23 Arbalester
38:23 Conscription
38:22 Scale Barding Armor
38:59 Husbandry
38:20 Light Cavalry
40:31 Two-Man Saw
40:57 Chemistry
40:53 Ring Archer Armor
41:50 Forging
43:15 Bracer
45:00 Yeomen
46:38 Iron Casting
46:24 Chain Barding Armor
46:55 Hand Cart
46:41 Town Patrol
47:25 Gold Shaft Mining
51:17 Blast Furnace
50:53 Plate Barding Armor
51:15 Scale Mail Armor
52:26 Pikeman
53:07 Squires
54:18 Warwolf
54:55 Hoardings
54:27 Halberdier
56:24 Chain Mail Armor
62:35 Guilds
62:27 Caravan
68:22 Architecture
67:48 Murder Holes
68:00 Siege Engineers
69:01 Coinage
Tomanda
10:28 Feudal Age
15:33 Castle Age
13:18 Loom
14:06 Double-Bit Axe
15:27 Horse Collar
16:47 Wheelbarrow
17:26 Forging
17:24 Scale Barding Armor
22:16 Heavy Plow
22:50 Bloodlines
26:40 Iron Casting
27:57 Chain Barding Armor
28:18 Husbandry
29:06 Wheelbarrow
28:19 Town Watch
28:52 Bow Saw
30:49 Fletching
31:00 Padded Archer Armor
35:19 Imperial Age
32:16 Elite Skirmisher
33:41 Szlachta Privileges
34:09 Leather Archer Armor
35:40 Bodkin Arrow
35:26 Cavalier
38:09 Blast Furnace
38:15 Crop Rotation
37:52 Scale Mail Armor
38:18 Light Cavalry
39:02 Bracer
40:31 Hand Cart
40:54 Chain Mail Armor
40:55 Winged Hussar
42:19 Lechitic Legacy
42:21 Conscription
45:36 Ballistics
46:17 Chemistry
46:43 Town Patrol
48:24 Plate Mail Armor
48:27 Crossbowman
49:12 Thumb Ring
49:23 Arbalester
Connection lost

Rejoining the realm…

Still unreachable

The connection could not be restored.

Session expired

The server has moved on; the page needs a fresh start.